 Dungeon Crawl Stone Soup version 0.30-a0-1016-gfb0d676c02 (webtiles) character file.

Game seed: 5571579937334101895

284 protoss039 the Sneak (level 6, -2/36 HPs)
             Began as a Vampire Enchanter on Apr 6, 2023.
             Killed by divine providence
             ... invoked by an orc priest
              (12 damage)
             ... on level 2 of the Dungeon.
             The game lasted 00:04:07 (1795 turns).

protoss039 the Sneak (Vampire Enchanter)            Turns: 1795, Time: 00:04:07

Health: -2/36      AC:  5    Str:  7    XL:     6   Next: 7%
Magic:  4/9        EV: 13    Int: 17    God:
Gold:   95         SH:  0    Dex: 17    Spells: 2/10 levels left

rFire   . . .      SeeInvis +    a - +1 dagger
rCold   + + .      Faith    .    (no shield)
rNeg    + + +      Spirit   .    b - +0 robe
rPois   ∞          Reflect  .    (no helmet)
rElec   .          Rampage  .    r - +2 cloak
rCorr   .                        (no gloves)
Will    .....                    (no boots)
Stlth   +++++                    (no amulet)
HPRegen 0.00/turn                (no ring)
MPRegen 0.11/turn                (no ring)

@: confusing by touch, bloodless, inhibited regen
A: bloodless, fangs 3, see invisible, vampiric 2
a: Bat Form, Revivify


You were on level 2 of the Dungeon.
You visited 1 branch of the dungeon, and saw 3 of its levels.

You collected 95 gold pieces.

Inventory:

Hand Weapons
 a - a +1 dagger (weapon)
 n - a +2 sling of flaming
Armour
 b - a +0 robe (worn)
 r - a +2 cloak (worn)
Scrolls
 g - a scroll of teleportation {unknown}
 h - 3 scrolls of amnesia
 k - a scroll of poison {unknown}
 l - a scroll of butterflies {unknown}
 o - a scroll of noise {unknown}
 p - a scroll of enchant armour {unknown}
Potions
 d - a potion of cancellation {unknown}
 e - a potion of lignification {unknown}
 i - a potion of resistance {unknown}
 j - a potion of attraction {unknown}
 q - a potion of degeneration {unknown}


   Skills:
 * Level 2.4 Fighting
 + Level 2.2 Short Blades
 + Level 0.0 Armour
 + Level 3.1 Dodging
 * Level 6.4 Stealth
 + Level 2.6 Spellcasting
 + Level 5.2 Hexes
 + Level 1.3 Ice Magic


You had 2 spell levels left.
You knew the following spells:

 Your Spells              Type           Power      Damage    Failure   Level
a - Ensorcelled Hibernat  Hex/Ice        26%        N/A       7%          2
b - Confusing Touch       Hex            20%        N/A       6%          3
c - Tukima's Dance        Hex            20%        N/A       6%          3

Your spell library contained the following spells:

 Spells                   Type           Power      Damage    Failure   Level
 Dazzling Flash           Conj/Hex       22%        N/A       19%         3


Dungeon Overview and Level Annotations

Branches:
Dungeon (3/15) Zot: 16212

Altars:


Innate Abilities, Weirdness & Mutations

You do not regenerate when monsters are visible.
You are frail without blood (-20% HP).
You can heal yourself when you bite living creatures.
You are immune to poison.
You have razor-sharp teeth.
You have supernaturally acute eyesight. (SInv)
You are afflicted with vampirism and can become a bat while bloodless.


Message History

The orc priest is moderately wounded.
The orc priest closely misses you.
You barely miss the orc priest.
The orc priest is moderately wounded.
You hit the orc priest.
The orc priest is moderately wounded.
The orc priest barely misses you.
You hit the orc priest.
The orc priest is heavily wounded.
You are too injured to fight recklessly!
You are too injured to fight recklessly!
You are too injured to fight recklessly!
You barely miss the orc priest.
The orc priest is heavily wounded.
The orc priest seems less confused.
The orc priest barely misses you.
You closely miss the orc priest.
The orc priest is heavily wounded.
The orc priest hits you with a +0 flail.
* * * LOW HITPOINT WARNING * * *
You hit the orc priest but do no damage.
You bite the orc priest.
You draw the orc priest's blood!
You feel better.
The orc priest is severely wounded.
You hit the orc priest but do no damage.
You punch the orc priest.
The orc priest is severely wounded.
The orc priest closely misses you.
Casting: Confusing Touch (dangerous; 6% risk of failure)
Confirm with . or Enter, or press ? or * to list all spells.
Aiming: Ensorcelled Hibernation (safe; 7% risk of failure)
Press: ? - help, Shift-Dir - straight line, f - you That would be overly suicidal.
Okay, then.
Casting: Ensorcelled Hibernation (safe; 7% risk of failure)
Confirm with . or Enter, or press ? or * to list all spells.
Your hands begin to glow red.
The orc priest closely misses you.
You closely miss the orc priest.
The orc priest is severely wounded.
The orc priest calls down the wrath of Beogh upon you.
Beogh smites you!
You die...

######## #......#
#.####.# #.#<##.#
#.#.##.#
♣♣####.#.##.#
♣......#.##.######
♣......#.##......#
.....#>#.#######@#
)...##.#.# #o#
♣♣##.#.#.# #.#
#.#.#.#######.#
####.......)....>#
.....#.#.####.#####
.....#...###......#
.....######.).....#
######......#.....#


You could see an orc priest.

Vanquished Creatures
  Sigmund (D:2)
  Crazy Yiuf (D:2)
  Terence (D:2)
  2 adders
  3 dart slugs (D:1)
  2 orcs (D:3)
  4 ball pythons
  4 bats
  5 endoplasms
  A giant cockroach (D:1)
  4 goblins
  5 hobgoblins
  4 jackals (D:2)
  5 kobolds
  3 quokkas
45 creatures vanquished.

Notes
Turn   | Place    | Note
-------+----------+-------------------------------------------
     0 | D:1      | protoss039 the Vampire Enchanter began the quest for the
                  | Orb.
     0 | D:1      | Reached XP level 1. HP: 13/13 MP: 3/3
   214 | D:1      | Reached XP level 2. HP: 20/20 MP: 5/5
   338 | D:1      | Learned a level 2 spell: Ensorcelled Hibernation
   398 | D:1      | Reached skill level 1 in Fighting
   451 | D:1      | Reached skill level 5 in Stealth
   597 | D:1      | Gained mutation: You are afflicted with vampirism and can
                  | become a bat while bloodless. [Vampire growth]
   597 | D:1      | Reached XP level 3. HP: 26/26 MP: 6/6
   845 | D:1      | Learned a level 3 spell: Confusing Touch
  1070 | D:2      | Noticed Terence
  1078 | D:2      | Killed Terence
  1079 | D:2      | Reached XP level 4. HP: 32/32 MP: 1/7
  1231 | D:2      | Noticed Sigmund
  1256 | D:2      | Killed Sigmund
  1257 | D:2      | Reached skill level 6 in Stealth
  1257 | D:2      | Reached skill level 5 in Hexes
  1257 | D:2      | Reached skill level 1 in Ice Magic
  1257 | D:2      | Reached XP level 5. HP: 25/38 MP: 1/8
  1387 | D:2      | Found a runed translucent door.
  1388 | D:2      | Noticed Crazy Yiuf
  1547 | D:2      | Killed Crazy Yiuf
  1548 | D:2      | Reached XP level 6. HP: 46/46 MP: 6/9
  1606 | D:2      | Learned a level 3 spell: Tukima's Dance
  1625 | D:3      | Found a faded altar of an unknown god.
  1795 | D:2      | Killed from afar by an orc priest

Illustrated notes

Levels and vault maps discovered:
D:1:      lemuel_arrival_broad_hall, layout_basic
D:2:      layout_basic, uniq_terence, uniq_crazy_yiuf_cottage, uniq_sigmund
D:3:      minmay_skewed_foursquare, layout_basic, okawaru_metal_pillars_1_2,
          ebering_ecumenical_altar_webs, grunt_ministairs_8

Skill      XL: |  1  2  3  4 |
---------------+-------------+-----
Fighting       | 1 2 |  2.4
Stealth        | 5 6 |  6.4
Short Blades   | 2 |  2.2
Dodging        | 3 |  3.1
Hexes          | 5 |  5.2
Ice Magic      | 1 |  1.3
Spellcasting   | |  2.6

Action                     |  1- 3 |  4- 6 || total
---------------------------+-------+-------++-------
  Melee: Dagger            |    95 |    47 ||   142
         Bite              |     9 |     4 ||    13
         Punch             |       |     2 ||     2
   Cast: Ensorcelled Hiber |    14 |     9 ||    23
         Confusing Touch   |       |     2 ||     2
Ability: Exsanguinate      |       |     1 ||     1
    Use: Potion            |       |     4 ||     4
         Scroll            |       |     1 ||     1
   Stab: Sleeping          |    24 |     8 ||    32
         Invisible         |       |     1 ||     1
 Armour: Robe              |    21 |     2 ||    23
  Dodge: Dodged            |    67 |    29 ||    96

Table legend: (Time is in decaauts)
 A = Elapsed time spent in this place.
 B = Non-inter-level travel time spent in this place.
 C = Inter-level travel time spent in this place.
 D = Time resting spent in this place.
 E = Time spent auto-exploring this place.
 F = Levels seen in this place.
 G = Mean time per level.
                   A        B        C        D        E       F      G
               +--------+--------+--------+--------+--------+-----+--------+
         Total |   1787 |   1732 |     55 |    130 |   1131 |   3 |  595.7 |
       Dungeon |   1787 |   1732 |     55 |    130 |   1131 |   3 |  595.7 |
               +--------+--------+--------+--------+--------+-----+--------+

Top non-repeatable levels by time:
     D:1: 880 daAuts
     D:2: 850 daAuts
     D:3: 55 daAuts
